[ AOE2 MATCH · #506755095 ]
UnrankedPersians vs Vietnamese
Player's team · LOSS
[ REPLAY ANALYSIS · EXTRACTED FROM THE RECORDED GAME ]
Feudal
—
Castle
—
Imperial
—
| APM avg | 56.4 |
| APM peak | 105 |
| eAPM avg | 20.7 |
| Villagers / military | 21 / 0 |
Focus
⚔️ 15.3% · 🌾 84.7%
Feudal
—
Castle
—
Imperial
—
| APM avg | 46.3 |
| APM peak | 93 |
| eAPM avg | 14.6 |
| Villagers / military | 26 / 0 |
Focus
⚔️ 5.1% · 🌾 94.9%
Match map
Initial resources + every placement click. Lines = walls · curves = elevation contours. ◆ gold · ⬟ stone · ● berries · ✦ relic · ◌ wall gap
Your base
Son Goku's base
Smoothed initial terrain · ◌ = detected wall gap · hover for details
Inputs per minute
— [GDL] especialista - - Son Goku
Build order — [GDL] especialista
29 actions detected in the replay
| 0:00 | Queue | Villager (Male) |
| 0:01 | Queue | Villager (Male) |
| 0:02 | Build | House |
| 0:04 | Build | House |
| 0:26 | Queue | Villager (Male) |
| 0:26 | Queue | Villager (Male) |
| 0:27 | Queue | Villager (Male) |
| 1:22 | Queue | Villager (Male) |
| 1:52 | Build | Lumber Camp |
| 1:59 | Queue | Villager (Male) |
| 1:59 | Queue | Villager (Male) |
| 2:48 | Queue | Villager (Male) |
| 2:48 | Queue | Villager (Male) |
| 3:20 | Queue | Villager (Male) |
| 3:51 | Build | House |
| 3:55 | Queue | Villager (Male) |
| 4:01 | Build | Mill |
| 4:35 | Queue | Villager (Male) |
| 4:48 | Queue | Villager (Male) |
| 5:08 | Queue | Villager (Male) |
| 5:46 | Queue | Villager (Male) |
| 5:57 | Queue | Villager (Male) |
| 6:11 | Research | Loom |
| 6:13 | Queue | Villager (Male) |
| 6:58 | Queue | Villager (Male) |
| 7:16 | Build | House |
| 7:33 | Queue | Villager (Male) |
| 7:34 | Queue | Villager (Male) |
| 7:50 | Build | Town Center |
Build order — Son Goku
40 actions detected in the replay
| 0:00 | Queue | Villager (Male) |
| 0:01 | Queue | Villager (Male) |
| 0:01 | Queue | Villager (Male) |
| 0:01 | Queue | Villager (Male) |
| 0:01 | Queue | Villager (Male) |
| 0:02 | Build | House |
| 0:04 | Build | House |
| 1:24 | Queue | Villager (Male) |
| 1:24 | Queue | Villager (Male) |
| 1:58 | Queue | Villager (Male) |
| 1:58 | Queue | Villager (Male) |
| 2:12 | Queue | Villager (Male) |
| 2:13 | Queue | Villager (Male) |
| 2:45 | Queue | Villager (Male) |
| 2:45 | Queue | Villager (Male) |
| 3:08 | Queue | Villager (Male) |
| 3:08 | Queue | Villager (Male) |
| 3:21 | Build | Lumber Camp |
| 3:36 | Queue | Villager (Male) |
| 3:44 | Queue | Villager (Male) |
| 3:44 | Queue | Villager (Male) |
| 3:52 | Build | House |
| 3:55 | Build | House |
| 4:04 | Queue | Villager (Male) |
| 4:05 | Queue | Villager (Male) |
| 4:21 | Build | House |
| 4:48 | Queue | Villager (Male) |
| 4:48 | Queue | Villager (Male) |
| 4:48 | Queue | Villager (Male) |
| 4:58 | Build | Palisade Wall |
| 5:41 | Queue | Villager (Male) |
| 5:41 | Queue | Villager (Male) |
| 5:42 | Queue | Villager (Male) |
| 6:12 | Research | Loom |
| 6:46 | Build | Mill |
| 7:16 | Build | Mining Camp |
| 7:37 | Build | House |
| 7:43 | Build | House |
| 7:52 | Research | Feudal Age |
| 8:42 | Build | House |
Match timeline
| 4:58 | Son Goku · wall_segment Palisade Wall x14 |
| 8:46 | [GDL] especialista · resign |
[ AI ANALYSIS · 1 CREDIT ]
What really happened in this match?
Wolo.gg analyzes every decision: build order, eco, micro, common mistakes by bracket. Personalized analysis on WhatsApp or Discord in 30 seconds.
Civ guide
Persians
Perfil
Jugador #6801445